 Dungeon Crawl Stone Soup version 0.32-a0-799-g95e1662365 (webtiles) character file.

Game seed: 14125224101568930284

102837 olmar the Bludgeoner (level 15, -3/141 HPs)
             Began as a Mountain Dwarf Fighter on Mar 21, 2024.
             Was an Initiate of Gozag.
             Killed from afar by a thermic dynamo (7 damage)
             ... with a rebounding bolt of cold
             ... on level 1 of the Elven Halls.
             The game lasted 00:50:04 (29708 turns).

olmar the Bludgeoner (Mountain Dwarf Fighter)      Turns: 29708, Time: 00:50:04

Health: -3/141     AC: 31    Str: 26    XL:     15   Next: 87%
Magic:  24/24      EV:  6    Int: 15    God:    Gozag
Gold:   3121       SH: 24    Dex:  9    Spells: 14/14 levels left

rFire   + + .        t - +1 morningstar (heavy)
rCold   + . .        v - +1 tower shield {rF+}
rNeg    . . .        C - +10 plate armour "Nouwn" {MP+9 Str-3 Int+5 Stlth+}
rPois   +            h - +2 helmet
rElec   +            M - scarf of Baldness {shadows, Int+5 Stlth+}
rCorr   +            U - +1 pair of gloves of Riutoticua {rPois Will+ Str+4}
SInv    .            (no boots)
Will    +++..        Q - amulet "Raefa" {Reflect Fly rCorr Int-5 SH+5} Stlth
                     W - +4 ring of slaying
HPRegen 0.43/turn    l - ring of willpower
MPRegen 0.19/turn

%: reflection
@: resistant, flying, hasted, very quick
A: runic magic, artefact enchanting
a: Renounce Religion, Potion Petition, Call Merchant, Bribe Branch


You were on level 1 of the Elven Halls.
You worshipped Gozag.
Gozag was most pleased with you.
You visited 5 branches of the dungeon, and saw 24 of its levels.
You also visited: Ossuary.

You collected 7064 gold pieces.
You spent 1933 gold pieces at shops.
You paid 2010 gold pieces to Gozag.

Inventory:

Hand Weapons
 t - a +1 heavy morningstar (weapon)
 R - a +2 morningstar of freezing
Missiles
 b - 2 curare-tipped darts
 A - a throwing net
 X - 32 poisoned darts (quivered)
Armour
 h - a +2 helmet (worn)
 v - a +1 tower shield of fire resistance (worn)
 C - the +10 plate armour "Nouwn" (worn) {MP+9 Str-3 Int+5 Stlth+}
   (You found it on level 14 of the Dungeon)

   Str-3:     It affects your strength (-3).
   Int+5:     It affects your intelligence (+5).
   MP+9:      It affects your magic capacity (+9).
   Stlth+:    It makes you more stealthy.
 D - +0 swamp dragon scales
 M - the scarf of Baldness (worn) {shadows, Int+5 Stlth+}
   (You found it on level 9 of the Dungeon)

   Int+5:     It affects your intelligence (+5).
   Stlth+:    It makes you more stealthy.
 U - the +1 pair of gloves of Riutoticua (worn) {rPois Will+ Str+4}
   (You bought it in a shop on level 3 of the Dungeon)

   Str+4:     It affects your strength (+4).
   rPois:     It protects you from poison.
   Will+:     It increases your willpower.
Jewellery
 g - a ring of see invisible
 l - a ring of willpower (right hand)
 o - a +4 ring of protection
 x - a ring of protection from cold
 F - the amulet "Daryal" {Faith rC+ rN+ Int+3 Dex-2}
   (You found it on level 11 of the Dungeon)

   [amulet of faith]

   Faith:     It allows you to gain divine favour quickly.
   Int+3:     It affects your intelligence (+3).
   Dex-2:     It affects your dexterity (-2).
   rC+:       It protects you from cold.
   rN+:       It protects you from negative energy.
 H - a ring of protection from fire
 O - a +5 ring of evasion
 Q - the amulet "Raefa" (around neck) {Reflect Fly rCorr Int-5 SH+5}
   (You bought it in a shop on level 2 of the Orcish Mines)

   [amulet of reflection]

   Reflect:   It reflects blocked missile attacks.
   Int-5:     It affects your intelligence (-5).
   Fly:       It grants you flight.
   rCorr:     It protects you from acid and corrosion.
   SH+5:      It affects your SH (+5).
 W - a +4 ring of slaying (left hand)
Wands
 a - a wand of flame (17)
 j - a wand of roots (9)
 K - a wand of mindburst (9)
 T - a wand of quicksilver (12)
 Y - a wand of polymorph (6)
 Z - a wand of digging (11)
Scrolls
 i - 2 scrolls of teleportation
 m - 4 scrolls of enchant weapon
 n - a scroll of immolation
 u - a scroll of fear
 y - 2 scrolls of enchant armour
 z - 5 scrolls of brand weapon
 E - 3 scrolls of fog {unknown}
 I - a scroll of butterflies {unknown}
 J - 2 scrolls of blinking {unknown}
 S - 3 scrolls of revelation {unknown}
 V - a scroll of torment {unknown}
Potions
 c - a potion of berserk rage
 d - 3 potions of magic
 e - 4 potions of curing
 f - 4 potions of mutation
 k - 5 potions of enlightenment
 p - 3 potions of lignification
 q - a potion of attraction {unknown}
 r - 3 potions of cancellation
 s - 3 potions of haste
 w - 2 potions of heal wounds
 B - a potion of resistance {unknown}
 G - 3 potions of might
 L - 2 potions of brilliance
 N - 2 potions of invisibility {unknown}
 P - a potion of ambrosia


   Skills:
 + Level 15.3 Fighting
 + Level 18.9 Maces & Flails
 + Level 12.4 Armour
 - Level 0.2 Dodging
 + Level 17.6 Shields
 + Level 5.6 Evocations


You had 14 spell levels left.
You didn't know any spells.
Your spell library contained the following spells:

 Spells                   Type           Power      Damage    Failure   Level
 Magic Dart               Conj           0%         1d3       65%         1
 Blink                    Tloc           0%         N/A       78%         2
 Call Imp                 Summ           0%         N/A       78%         2
 Cigotuvi's Dreadful Rot  Necr/Alch/Air  0%         N/A       78%         2
 Ensorcelled Hibernation  Hex/Ice        0%         N/A       78%         2
 Lesser Beckoning         Tloc           0%         N/A       78%         2
 Momentum Strike          Conj/Tloc      0%         3d8       78%         2
 Searing Ray              Conj           0%         2d4       78%         2
 Sublimation of Blood     Necr           0%         N/A       78%         2
 Fugue of the Fallen      Necr           0%         N/A       95%         3
 Passwall                 Erth           0%         N/A       95%         3
 Sigil of Binding         Hex            0%         N/A       95%         3
 Stone Arrow              Conj/Erth      0%         3d7       95%         3
 Swiftness                Air            0%         N/A       95%         3
 Anguish                  Hex/Necr       0%         N/A       100%        4
 Animate Armour           Summ/Erth      0%         N/A       100%        4
 Dispel Undead            Necr           0%         3d6       100%        4
 Fulminant Prism          Conj/Alch      0%         3d5       100%        4
 Manifold Assault         Tloc           0%         N/A       100%        4
 Martyr's Knell           Necr/Summ      0%         N/A       100%        4
 Iskenderun's Battlesphe  Conj           0%         2d6       100%        5
 Bombard                  Conj/Erth      0%         9d1       100%        6
 Death Channel            Necr           0%         N/A       100%        6
 Dispersal                Tloc           0%         N/A       100%        6
 Sculpt Simulacrum        Ice/Alch       0%         N/A       100%        6
 Spellforged Servitor     Conj/Summ      0%         N/A       100%        7
 Summon Hydra             Summ           0%         N/A       100%        7
 Disjunction              Tloc           0%         N/A       100%        8
 Lehudib's Crystal Spear  Conj/Erth      0%         10d2      100%        8


Dungeon Overview and Level Annotations

Branches:
Dungeon (15/15)            Temple (1/1) D:7            Lair (5/5) D:11
 Shoals (0/4) Lair:2       Spider (0/4) Lair:3        Slime (0/5) Lair:5
    Orc (2/2) D:11            Elf (1/3) Orc:2        Vaults (0/5) D:14
 Depths (0/4) D:15        Ossuary (visited)

Altars:
Ashenzari
Cheibriados
Dithmenos
Elyvilon
Fedhas
Gozag
Hepliaklqana
Kikubaaqudgha
Makhleb
Nemelex Xobeh
Okawaru
Qazlal
Ru
Sif Muna
Trog
Uskayaw
Vehumet
Wu Jian
Xom
Yredelemnul
Zin
The Shining One
Beogh

Shops:
D:3 [   D:10 (   D:11 [?   D:12 (   Orc:1 !   Orc:2 (::[=

Portals:
Abyss: Orc:2

Annotations:
D:4 1 runed translucent door, Crazy Yiuf
D:5 3 runed translucent doors, Esekla's ghost, weakling OpDe; garrulousMonolith's ghost, novice GrEE; hattop's ghost, amateur DrSh; hgbash's ghost, novice CoCj
D:9 1 runed translucent door
Lair:3 exclusion: 2 oklob plants
Orc:2 2 transporters, AutarchDCSS's ghost, journeyman CoAr


Innate Abilities, Weirdness & Mutations

Your spellcasting is much less encumbered by armour.
You can use scrolls of enchantment on lesser artefacts.


Message History

The thermic dynamo overflows with ice and vents excess cold at you.
The rebounding bolt of cold hits the thermic dynamo.
The thermic dynamo completely resists.
The rebounding bolt of cold hits you!!!
The thermic dynamo overcharges itself and releases excess heat at you.
The rebounding bolt of fire hits you! You resist.
There is an open door here.
Unknown command.
You impale the thermic dynamo!!
The thermic dynamo is severely damaged.
You block the thermic dynamo's attack. x2
The thermic dynamo overcharges itself and releases excess heat at you.
The rebounding bolt of fire hits the thermic dynamo.
The thermic dynamo completely resists.
The rebounding bolt of fire hits you!! You resist.
Unknown command.
You thump the thermic dynamo!
The thermic dynamo is almost destroyed.
A wild whirl of ice shoots out from the thermic dynamo at you.
The rebounding bolt of cold hits you!
* * * LOW HITPOINT WARNING * * *
A wild whirl of ice shoots out from the thermic dynamo at you.
The rebounding bolt of cold hits the thermic dynamo.
The thermic dynamo completely resists.
The rebounding bolt of cold hits you but does no damage.
The thermic dynamo overflows with ice and vents excess cold at you.
The rebounding bolt of cold hits you!!
* * * LOW HITPOINT WARNING * * *
Okay, then.
Okay, then. [a] - 420 gold - haste and resistance [b] - 160 gold - might and brilliance [c] - 420 gold - haste and resistance Purchase which effect?
You feel yourself speed up.
You feel protected.
The thermic dynamo overflows with ice and vents excess cold at you.
The rebounding bolt of cold misses the thermic dynamo.
The rebounding bolt of cold hits you! You resist.
You die...
Your body crumbles into a pile of gold.

##.......####.#..#
##......+.e#.#..#
###'####.e#.#..#
#.#######.#..#######
#.#..#....#..'.....+
#.###........#######
#.# ###......# #+#
##.....# #@##..#
#v##### #v# #.# #.#
#+#


You could see 2 thermic dynamos.

Vanquished Creatures
  Kirke (D:14)
  A frost giant (D:15)
  An orc warlord (D:11)
  Azrael (D:12)
  An ettin (Orc:1)
  An ice dragon (Lair:5)
  A vault guard (D:14)
  7 hydras
  Fannar (D:10)
  Erolcha (D:9)
  2 death knights (D:15)
  3 boulder beetles
  3 two-headed ogres
  A catoblepas (Lair:5)
  2 centaur warriors
  Erica (D:10)
  12 death yaks
  2 tengu warriors (D:15)
  A deep troll earth mage (D:15)
  6 orc high priests
  A deep elf knight (Elf:1)
  A fire crab (shapeshifter) (D:14)
  2 skysharks
  5 skeletal warriors
  An arcanist (D:15)
  A glowing orange brain (D:14)
  A swamp dragon (Lair:5)
  A lindwurm (Lair:5)
  7 orc knights (Orc:2)
  19 ugly things
  3 deep elf pyromancers
  5 elephants
  7 cyclopes
  A meliai (Lair:3)
  3 manticores
  11 black mambas
  A black mamba (shapeshifter) (D:13)
  Maggie (D:6)
  A gargoyle (D:11)
  16 cane toads
  A kobold demonologist (D:12)
  6 rime drakes
  An unseen horror (D:11)
  7 komodo dragons
  A tengu conjurer (D:11)
  4 freezing wraiths
  An efreet (D:15)
  2 polar bears
  6 trolls
  A queen bee (Lair:3)
  A wind drake (Orc:2)
  4 hornets
  A raiju (shapeshifter) (D:14)
  A blink frog (Lair:3)
  11 slime creatures
  2 spriggans (shapeshifter)
  A shadow (D:11)
  31 yaks
  15 wyverns
  A vampire (D:12)
  2 fire elementals (D:12)
  7 vampire mosquitoes
  12 basilisks
  2 wargs
  A redback (Lair:5)
  5 steam dragons
  Menkaure (D:7)
  2 hogs (D:14)
  5 hell hounds (D:12)
  3 acid dragons
  4 swamp drakes (Lair:5)
  34 water moccasins
  A water moccasin (shapeshifter) (D:12)
  3 black bears
  4 ice beasts
  A sky beast (D:8)
  37 orc warriors
  5 boggarts (D:14)
  3 centaurs
  6 ogres
  13 wolves
  A kobold brigand (D:12)
  A weeping skull (Ossuary)
  A brain worm (Orc:2)
  10 bullfrogs
  An earth elemental (Elf:1)
  A scorpion (D:6)
  2 elf zombies (Ossuary)
  22 wights
  A burial acolyte (Ossuary)
  32 killer bees
  4 howler monkeys
  4 bombardier beetles
  2 hounds (D:6)
  A human zombie (Ossuary)
  19 orc priests
  4 jellies
  3 sleepcaps
  4 iguanas
  15 orc wizards
  4 hell rats (Lair:2)
  2 mummies (Ossuary)
  11 gnolls
  18 adders
  3 shadow imps
  2 white imps
  A dart slug (D:2)
  2 ribbon worms (D:2)
  73 orcs
  6 endoplasms
  5 giant cockroaches
  4 hobgoblins
  7 jackals
  3 quokkas
  12 ball pythons
  4 bats
  A gnoll zombie (Ossuary)
  5 goblins
  11 kobolds
  An orc zombie (Ossuary)
  4 rats
  A butterfly (D:7)
694 creatures vanquished.

Vanquished Creatures (collateral kills)
  A two-headed ogre (D:10)
  2 death yaks (Lair:5)
  An orc (D:11)
4 creatures vanquished.

Vanquished Creatures (others)
  4 humans (D:14)
  A yak (D:10)
  An acid dragon (Lair:5)
  A killer bee (Lair:3)
  An orc wizard (D:7)
  8 orcs
16 creatures vanquished.

Grand Total: 714 creatures vanquished

Notes
Turn   | Place    | Note
-------+----------+-------------------------------------------
     0 | D:1      | olmar the Mountain Dwarf Fighter began the quest for the
                  | Orb.
     0 | D:1      | Reached XP level 1. HP: 19/19 MP: 1/1
   403 | D:1      | Reached XP level 2. HP: 21/26 MP: 2/2
   823 | D:2      | Reached XP level 3. HP: 33/33 MP: 3/3
  1133 | D:2      | Reached skill level 3 in Maces & Flails
  1219 | D:2      | Reached XP level 4. HP: 28/40 MP: 4/4
  1348 | D:2      | Reached skill level 4 in Maces & Flails
  1528 | D:2      | Reached XP level 5. HP: 38/46 MP: 5/5
  1936 | D:3      | Found Socak's Antique Armour Shop.
  2734 | D:4      | Reached skill level 5 in Maces & Flails
  2734 | D:4      | Reached XP level 6. HP: 37/53 MP: 6/6
  2940 | D:4      | Found a sand-covered staircase.
  2949 | Ossuary  | Entered an ossuary
  2949 | Ossuary  | Found a huge runed translucent gate.
  2949 | Ossuary  | Found a huge runed translucent gate.
  2949 | Ossuary  | Found a huge runed translucent gate.
  2949 | Ossuary  | Found a huge runed translucent gate.
  2949 | Ossuary  | Found a huge runed translucent gate.
  2949 | Ossuary  | Found a huge runed translucent gate.
  2949 | Ossuary  | Found a huge runed translucent gate.
  2949 | Ossuary  | Found a huge runed translucent gate.
  2949 | Ossuary  | Found a huge runed translucent gate.
  2958 | Ossuary  | Found a huge runed translucent gate.
  2958 | Ossuary  | Found a huge runed translucent gate.
  2959 | Ossuary  | Found a huge runed translucent gate.
  2959 | Ossuary  | Found a huge runed translucent gate.
  2961 | Ossuary  | Found a huge runed translucent gate.
  2961 | Ossuary  | Found a huge runed translucent gate.
  2977 | Ossuary  | Reached skill level 5 in Armour
  2985 | Ossuary  | Found a huge runed translucent gate.
  2985 | Ossuary  | Found a huge runed translucent gate.
  2985 | Ossuary  | Found a huge runed translucent gate.
  2985 | Ossuary  | Found a huge runed translucent gate.
  2985 | Ossuary  | Found a huge runed translucent gate.
  2986 | Ossuary  | Found a huge runed translucent gate.
  2986 | Ossuary  | Found a huge runed translucent gate.
  2988 | Ossuary  | Found a huge runed translucent gate.
  2988 | Ossuary  | Found a huge runed translucent gate.
  2989 | Ossuary  | Found a huge runed translucent gate.
  2989 | Ossuary  | Found a huge runed translucent gate.
  2990 | Ossuary  | Found a huge runed translucent gate.
  2990 | Ossuary  | Found a huge runed translucent gate.
  2995 | Ossuary  | Found a huge runed translucent gate.
  2995 | Ossuary  | Found a huge runed translucent gate.
  3011 | Ossuary  | Found a huge runed translucent gate.
  3011 | Ossuary  | Found a huge runed translucent gate.
  3011 | Ossuary  | Found a huge runed translucent gate.
  3011 | Ossuary  | Found a huge runed translucent gate.
  3011 | Ossuary  | Found a huge runed translucent gate.
  3064 | Ossuary  | Reached XP level 7. HP: 46/60 MP: 7/7
  3073 | Ossuary  | Reached skill level 6 in Maces & Flails
  3453 | D:4      | Reached skill level 5 in Fighting
  3630 | D:4      | Found a runed translucent door.
  3631 | D:4      | Noticed Crazy Yiuf
  3756 | D:5      | Entered Level 5 of the Dungeon
  4186 | D:5      | Reached skill level 7 in Maces & Flails
  4279 | D:5      | Found a runed translucent gate.
  4284 | D:5      | Found a runed translucent gate.
  4284 | D:5      | Found a runed translucent gate.
  4286 | D:5      | Noticed garrulousMonolith's ghost (novice GrEE)
  4286 | D:5      | Noticed Esekla's ghost (weakling OpDe)
  4287 | D:5      | Noticed hgbash's ghost (novice CoCj)
  4287 | D:5      | Noticed hattop's ghost (amateur DrSh)
  4886 | D:5      | Reached XP level 8. HP: 26/66 MP: 8/8
  5284 | D:6      | Reached skill level 8 in Maces & Flails
  5583 | D:6      | Noticed Maggie
  5595 | D:6      | Killed Maggie
  5596 | D:6      | Reached skill level 9 in Maces & Flails
  5596 | D:6      | Reached skill level 5 in Shields
  5671 | D:6      | Reached skill level 1 in Evocations
  5801 | D:6      | Reached XP level 9. HP: 26/70 MP: 9/9
  6247 | D:6      | Reached skill level 10 in Maces & Flails
  6271 | D:6      | Identified the staff of Valour {rElec Will- Int+7 Air}
  6631 | D:7      | Noticed Menkaure
  6631 | D:7      | You fall into a shaft and drop 2 floors!
  6631 | D:9      | Found a broken altar of Ashenzari.
  6631 | D:9      | Found an ornate altar of the Wu Jian Council.
  6631 | D:9      | Found a burning altar of Makhleb.
  6631 | D:9      | Found a basalt altar of Yredelemnul.
  6663 | D:9      | Noticed a troll
  6671 | D:9      | Killed a troll
  6672 | D:9      | Reached skill level 11 in Maces & Flails
  6771 | D:9      | Identified the scarf of Baldness {shadows, Int+5 Stlth+}
  6856 | D:9      | Noticed Erolcha
  6949 | D:8      | Identified the +4 orcbow of Rintup {speed, rN+ rCorr Dex+3}
  7350 | D:8      | Noticed a troll
  7365 | D:8      | Killed a troll
  7603 | D:8      | Reached XP level 10. HP: 88/88 MP: 10/10
  7604 | D:8      | Reached skill level 12 in Maces & Flails
  7886 | D:7      | Killed Menkaure
  7990 | D:7      | Found a staircase to the Ecumenical Temple.
  8134 | Temple   | Entered the Ecumenical Temple
  8149 | Temple   | Became a worshipper of Gozag Ym Sagoz the Greedy
  8854 | D:3      | Bought a pair of spiked gloves for 304 gold pieces
  8854 | D:3      | Identified the +1 pair of gloves of Riutoticua {rPois Will+
                  | Str+4} (You bought it in a shop on level 3 of the Dungeon)
  8977 | D:9      | Found a runed translucent door.
  9233 | D:9      | Killed Erolcha
  9234 | D:9      | Reached skill level 13 in Maces & Flails
  9527 | D:10     | Entered Level 10 of the Dungeon
  9534 | D:10     | Noticed Erica
  9544 | D:10     | Killed Erica
 10124 | D:10     | Reached XP level 11. HP: 53/97 MP: 11/11
 10126 | D:10     | Noticed Fannar
 10280 | D:10     | Noticed a two-headed ogre
 10297 | D:10     | Killed a two-headed ogre
 10415 | D:10     | Killed Fannar
 10430 | D:10     | Reached skill level 14 in Maces & Flails
 10772 | D:10     | Found Ymmujoops's Antique Weapon Shop.
 10909 | D:11     | Reached skill level 10 in Fighting
 10911 | D:11     | Found Juydoeg's Magic Scroll Boutique.
 10919 | D:11     | Bought a scroll of fear for 48 gold pieces
 10919 | D:11     | Bought a scroll of enchant weapon for 90 gold pieces
 10919 | D:11     | Bought a scroll of amnesia for 48 gold pieces
 11124 | D:11     | Found Soibeuziu's Antique Armour Emporium.
 11131 | D:11     | Bought a shiny tower shield for 232 gold pieces
 11428 | D:11     | Identified the amulet "Daryal" {Faith rC+ rN+ Int+3 Dex-2}
 11602 | D:11     | Found a staircase to the Lair.
 11785 | D:11     | Identified the +5 dagger "Joidwelu" {spect, rPois MP+9
                  | Int+4 SInv}
 11799 | D:11     | Found a staircase to the Orcish Mines.
 11985 | D:12     | Noticed a boulder beetle
 12237 | Orc:1    | Entered Level 1 of the Orcish Mines
 12237 | Orc:1    | Noticed an orc warlord
 12237 | Orc:1    | Found a roughly hewn altar of Beogh.
 12293 | Lair:1   | Entered Level 1 of the Lair of Beasts
 12636 | Lair:1   | Reached skill level 15 in Maces & Flails
 13013 | Lair:2   | Reached XP level 12. HP: 108/108 MP: 12/12
 13233 | Lair:2   | Found a staircase to the Shoals.
 13237 | Lair:2   | Reached skill level 10 in Armour
 14073 | Lair:3   | Noticed a death yak
 14074 | Lair:3   | Noticed a death yak
 14075 | Lair:3   | Noticed a death yak
 14075 | Lair:3   | Noticed a death yak
 14087 | Lair:3   | Noticed a death yak
 14090 | Lair:3   | Killed a death yak
 14436 | Lair:3   | Reached skill level 10 in Shields
 15439 | Lair:3   | Noticed a four-headed hydra
 15444 | Lair:3   | Killed a four-headed hydra
 15445 | Lair:3   | Reached skill level 16 in Maces & Flails
 15504 | Lair:3   | Found a hole to the Spider Nest.
 15514 | Lair:2   | Killed a death yak
 15565 | Lair:2   | Killed a death yak
 15569 | Lair:2   | Killed a death yak
 15759 | Lair:3   | Killed a death yak
 15760 | Lair:3   | Reached XP level 13. HP: 110/118 MP: 13/13
 16020 | Lair:3   | Identified the +0 hand axe of the Sun {protect, +Blink
                  | rPois Int-2}
 17399 | Lair:5   | Entered Level 5 of the Lair of Beasts
 18285 | Lair:5   | Found a staircase to the Slime Pits.
 18495 | Lair:5   | Reached skill level 5 in Evocations
 18516 | Lair:5   | Reached skill level 17 in Maces & Flails
 18634 | Lair:5   | Reached XP level 14. HP: 65/129 MP: 14/14
 20431 | D:11     | Bought a scroll of teleportation for 36 gold pieces
 20751 | D:12     | Noticed Azrael
 20780 | D:12     | HP: 1/130 [Azrael/damnation (34)]
 20782 | D:12     | Killed Azrael
 20783 | D:12     | Reached skill level 15 in Shields
 21299 | D:12     | Noticed Sonja
 21300 | D:12     | Sonja changed into Sonja the shapeshifter
 21300 | D:12     | Noticed Sonja
 21301 | D:12     | Sonja the shapeshifter changed into Sonja the water
                  | moccasin
 21301 | D:12     | Noticed Sonja (shapeshifter)
 21305 | D:12     | Killed Sonja the water moccasin
 23090 | D:11     | Killed an orc warlord
 23355 | Orc:1    | Reached skill level 18 in Maces & Flails
 23815 | Orc:1    | Found Aninuen's Distillery.
 23829 | Orc:1    | Bought a potion of brilliance for 48 gold pieces
 23829 | Orc:1    | Bought a potion of berserk rage for 60 gold pieces
 23829 | Orc:1    | Bought a potion of haste for 120 gold pieces
 23829 | Orc:1    | Bought a potion of curing for 36 gold pieces
 23829 | Orc:1    | Bought a potion of curing for 36 gold pieces
 23829 | Orc:1    | Bought a potion of heal wounds for 60 gold pieces
 23829 | Orc:1    | Bought a potion of might for 48 gold pieces
 23829 | Orc:1    | Bought a potion of might for 48 gold pieces
 23972 | Orc:2    | Entered Level 2 of the Orcish Mines
 25513 | Orc:2    | Reached XP level 15. HP: 139/139 MP: 15/15
 26045 | Orc:2    | Found a transporter.
 26143 | Orc:2    | Found Zamuix's Jewellery Shop.
 26170 | Orc:2    | Bought the amulet "Raefa" {Reflect Fly rCorr Int-5 SH+5}
                  | for 547 gold pieces
 26227 | Orc:2    | Found a one-way gate to the infinite horrors of the Abyss.
 26256 | Orc:2    | Found a transporter.
 26275 | Orc:2    | Found a staircase to the Elven Halls.
 26746 | Orc:2    | Found Ozapho's Book Boutique.
 26748 | Orc:2    | Found Laleof's Book Shop.
 26749 | Orc:2    | Found Qiwoy's Antique Armour Boutique.
 26750 | Orc:2    | Found Wufo's Weapon Boutique.
 26753 | Orc:2    | Bought a runed helmet for 172 gold pieces
 26860 | Orc:2    | Noticed AutarchDCSS's ghost (journeyman CoAr)
 27393 | D:14     | Found a basalt altar of Yredelemnul.
 27463 | D:14     | Noticed Kirke
 27478 | D:14     | Killed Kirke
 27716 | D:14     | Found a gate to the Vaults.
 27727 | D:14     | Identified the +10 plate armour "Nouwn" {MP+9 Str-3 Int+5
                  | Stlth+}
 27939 | D:14     | Found a bloodstained altar of Trog.
 28163 | D:14     | Reached skill level 15 in Fighting
 28271 | D:15     | Entered Level 15 of the Dungeon
 28966 | D:15     | Noticed a frost giant
 28970 | D:15     | Found a staircase to the Depths.
 28976 | D:15     | Killed a frost giant
 29617 | Elf:1    | Entered Level 1 of the Elven Halls
 29707 | Elf:1    | HP: 3/141 [thermic dynamo/rebounding bolt of cold (27)]
 29708 | Elf:1    | Killed from afar by a thermic dynamo

Illustrated notes

Levels and vault maps discovered:
D:1:      eino_arrival_druids_welcome, layout_basic
D:2:      layout_loops_ring, minmay_snake_closets
D:3:      layout_loops_ring, serial_shops, shop, grunt_decor_arrowhead
D:4:      layout_basic, mainiacjoe_ossuary_entry_dusty_tomb,
          uniq_crazy_yiuf_cottage
D:5:      layout_basic, gammafunk_ghost_cemetery
D:6:      layout_cave_pods, minmay_joined_circles, uniq_maggie
D:7:      layout_rooms, minmay_temple_entry_butterflies, uniq_menkaure
D:8:      layout_loops_corners
D:9:      gammafunk_indiana_jones, layout_cave_pools,
          grunt_temple_overflow_open, uniq_erolcha
D:10:     layout_irregular_city, serial_shops, nicolae_shop_real_fake_doors,
          lemuel_flamethrower_1, uniq_fannar, uniq_erica
D:11:     minmay_wavy_crystal, layout_loops_ring, hellmonk_lair_entry_icy,
          serial_shops, nicolae_shop_competitors_out_of_business, shop,
          amcnicky_mini_corridor_feature
D:12:     layout_long_grid, uniq_sonja, uniq_azrael
D:13:     layout_loops_corners, serial_glass, glass_columns_a, glass_columns_a,
          minmay_strange_pillars, item_on_display_a
D:14:     layout_roguey, hellmonk_vaults_order_and_chaos,
          serial_library_hellmonk_h_bend, hangedman_feature_mirror, uniq_kirke
D:15:     hellmonk_depths_entry_around_the_bend, layout_stronghold,
          minmay_crystal_room, feat_on_display
Temple:   regret_index_temple_mists
Lair:1:   hellmonk_destroyed_diamonds, layout_hall_layers
Lair:2:   layout_regular_city, shoals_dummy_entry, lemuel_fruit_fields,
          serial_bayou_shore_a, grunt_megastairs_1
Lair:3:   regret_index_harrowing_hell_hive, layout_layer_cave,
          hellmonk_spider_entry_not_the_bees, beast_lair_carwin_9
Lair:4:   layout_hall_layers, lemuel_fruit_tree
Lair:5:   guppyfry_lair_end_dragon, layout_hall_layers,
          hangedman_lair_tendril_chambers, slime_entry_1,
          infiniplex_staircase_pool_2
Orc:1:    layout_caves, basic_altar, serial_shops, shop
Orc:2:    st_orc_pillars, layout_caves, gammafunk_ghost_abyssal_escape,
          serial_shops, nicolae_shop_behind_doors
Elf:1:    layout_geoelf_octagon, nicolae_trove_entry_free_sample,
          minmay_elf_crystal_heptagon, corexii_checkpoint, hex_large

Skill      XL: |  1  2  3  4  5  6  7  8  9 10 11 12 13 14 15 |
---------------+----------------------------------------------+-----
Maces & Flails | 3 4 5 7 9 11 13 15 16 17 18 | 18.9
Armour         | 4 5 6 7 8 9 10 11 12 | 12.4
Fighting       | 4 5 6 7 9 10 12 13 14 15 | 15.3
Shields        | 4 5 6 8 11 14 16 17 | 17.6
Evocations     | 1 2 4 5 |  5.6
Dodging        | |  0.2

Action                     |  1- 3 |  4- 6 |  7- 9 | 10-12 | 13-15 || total
---------------------------+-------+-------+-------+-------+-------++-------
  Melee: Flail             |    98 |   192 |   189 |       |       ||   479
         Morningstar       |       |       |   117 |   512 |  1224 ||  1853
  Throw: Dart              |     1 |    12 |    18 |    37 |    61 ||   129
         Throwing net      |       |       |     2 |       |       ||     2
 Invoke: Potion Petition   |       |       |       |     1 |     3 ||     4
         Call Merchant     |       |       |       |       |     1 ||     1
  Evoke: Wand              |       |     2 |     6 |    38 |    22 ||    68
    Use: Potion            |       |     2 |     2 |     3 |     9 ||    16
         Scroll            |       |     1 |       |    13 |    11 ||    25
   Stab: Held in net/web   |       |       |     1 |       |       ||     1
         Distracted        |       |       |       |     2 |     3 ||     5
 Armour: Scale mail        |    88 |   175 |   125 |       |       ||   388
         Swamp dragon scal |       |       |   118 |   538 |   459 ||  1115
         Plate armour      |       |       |       |       |   127 ||   127
         Chain mail        |       |       |       |       |    75 ||    75
  Dodge: Dodged            |    55 |    86 |   118 |   218 |   199 ||   676
  Block: Buckler           |    19 |    58 |    71 |    54 |       ||   202
         Tower shield      |       |       |       |   407 |  1126 ||  1533
         Reflection        |       |       |       |       |    10 ||    10

Table legend: (Time is in decaauts)
 A = Elapsed time spent in this place.
 B = Non-inter-level travel time spent in this place.
 C = Inter-level travel time spent in this place.
 D = Time resting spent in this place.
 E = Time spent auto-exploring this place.
 F = Levels seen in this place.
 G = Mean time per level.
                   A        B        C        D        E       F      G
               +--------+--------+--------+--------+--------+-----+--------+
         Total |  30075 |  28705 |   1370 |   6278 |  16920 |  25 | 1203.0 |
       Dungeon |  17672 |  16706 |    966 |   2920 |  10571 |  15 | 1178.1 |
        Temple |     39 |      1 |     38 |      0 |      0 |   1 |   39.0 |
          Lair |   8127 |   7888 |    239 |   1584 |   4739 |   5 | 1625.4 |
  Orcish Mines |   3895 |   3770 |    125 |   1742 |   1423 |   2 | 1947.5 |
   Elven Halls |     92 |     92 |      0 |      0 |     68 |   1 |   92.0 |
       Ossuary |    248 |    248 |      0 |     30 |    118 |   1 |  248.0 |
               +--------+--------+--------+--------+--------+-----+--------+

Top non-repeatable levels by time:
   Orc:2: 3086 daAuts
  Lair:5: 2614 daAuts
  Lair:3: 2295 daAuts
    D:11: 1800 daAuts
     D:6: 1526 daAuts
    D:10: 1470 daAuts
  Lair:2: 1384 daAuts
     D:5: 1378 daAuts
    D:13: 1366 daAuts
    D:15: 1250 daAuts
    D:12: 1186 daAuts
    D:14: 1172 daAuts
  Lair:4: 1139 daAuts
     D:2: 1053 daAuts
     D:8: 1040 daAuts
